Map: Frostline LE

Players

llIIlIIllIII - Winner!

  • Race: Zerg Zerg
  • League: Master
  • Spawn Location: 7:00

Nicoract

  • Race: Terran Terran
  • League: Grandmaster
  • Spawn Location: 1:00

VOD

Have the link to the VOD?

Description

Time

  • Played on: March 28, 2025, 12:32 p.m.
  • Length: 7:50
Show
View Real Time Build Order
Export as new Build Order

llIIlIIllIII Zerg - Winner!

Build Orders: Hatch First 

Get SALT Encoding   

  12  0:00  Drone  
  13  0:08  Drone  
  14  0:14  Drone, Extractor  
  15  0:36  Hatchery  
  15  0:39  Drone, Extractor  
  15  0:45  Overlord  
  15  1:00  Spawning Pool  
  15  1:04  Drone  
  15  1:07  Drone  
  15  1:11  Drone  
  17  1:15  Drone  
  18  1:25  Drone  
  19  1:36  Drone  
  20  1:48  Queen x2  
  20  1:49  Drone  
  20  1:50  Drone  
  26  1:58  Drone  
  26  1:59  Overlord  
  27  2:10  Drone  
  28  2:18  Hatchery  
  28  2:20  Drone x2  
  28  2:21  Drone  
  30  2:31  Drone, Queen  
  30  2:36  Overlord  
  33  2:41  Drone  
  33  2:42  Drone  
  35  2:47  Extractor  
  35  2:51  Drone  
  35  2:54  Drone  
  35  2:57  Drone x6  
  42  3:03  Drone  
  42  3:04  Drone  
  44  3:07  Roach Warren  
  44  3:12  Extractor  
  42  3:14  Queen  
  42  3:17  Overlord  
  44  3:29  Overlord  
  44  3:31  Drone x3  
  44  3:32  Drone x3  
  50  3:38  Overlord  
  50  3:40  Drone  
  51  3:43  Drone  
  51  3:46  Overlord  
  52  3:52  Evolution Chamber  
  51  3:55  Evolution Chamber  
  51  3:57  Roach  
  53  4:05  Roach x2, Overlord  
  53  4:06  Drone x5  
  62  4:10  Evolution Chamber  
  62  4:11  Drone  
  62  4:14  Roach x2, Spore Crawler  
  65  4:17  Drone x2  
  65  4:19  Drone  
  65  4:20  Drone  
  65  4:24  Overlord  
  69  4:28  Overlord  
  69  4:33  Roach x2  
  69  4:36  Drone x2, Spore Crawler  
  74  4:40  Lair  
  74  4:41  Drone  
  74  4:43  Extractor  
  74  4:47  Drone x4  
  74  4:48  Drone x2  
  80  4:53  Extractor  
  80  4:54  Overlord  
  80  4:58  Drone x4  
  83  5:01  Overlord  
  83  5:04  Drone  
  84  5:07  Zerg Ground Armor Level 1, Zerg Missile Weapons Level 1  
  84  5:08  Drone  
  84  5:10  Drone, Extractor  
  84  5:11  Extractor  
  84  5:12  Drone x2  
  86  5:16  Drone x3  
  89  5:25  Drone x6  
  95  5:35  Roach x3  
  101  5:39  Roach x2  
  105  5:44  Hatchery  
  105  5:47  Roach x5  
  105  5:48  Glial Reconstitution  
  114  5:52  Overlord  
  114  5:55  Overlord x2  
  114  5:59  Overlord  
  114  6:04  Evolution Chamber  
  113  6:05  Evolution Chamber  
  110  6:17  Overlord  
  110  6:18  Roach x9  
  127  6:25  Overseer  
  127  6:28  Roach x3, Nydus Network  
  127  6:30  Ravager x3  
  135  6:34  Roach x3  
  141  6:41  Overlord  
  141  6:42  Roach x3  
  147  6:48  Overlord x2  
  147  6:51  Overlord x2  
  147  6:56  Ravager x2  
  147  6:58  Roach x3  
  147  7:00  Roach  
  147  7:01  Roach x2  
  158  7:03  Nydus Canal  
  158  7:06  Roach x2  
  158  7:07  Roach  
  162  7:11  Ravager  
  162  7:12  Roach x2  
  164  7:22  Nydus Canal  
  164  7:23  Roach x4  
  164  7:26  Roach x2  
  176  7:30  Overlord  
  176  7:32  Overlord  
  176  7:39  Nydus Canal  
Show
View Real Time Build Order
Export as new Build Order

Nicoract Terran 

Build Orders: Liberator Opening, Reaper Expand 

Get SALT Encoding   

  12  0:00  SCV  
  13  0:12  SCV  
  14  0:17  Supply Depot  
  14  0:24  SCV  
  15  0:38  SCV  
  15  0:40  Barracks  
  16  0:44  Refinery  
  16  0:50  SCV  
  17  1:03  SCV  
  18  1:15  SCV  
  19  1:27  Orbital Command  
  19  1:28  Reaper  
  20  1:38  Command Center  
  20  1:48  Supply Depot  
  20  1:54  SCV  
  21  2:00  Marine  
  22  2:06  SCV  
  23  2:08  Factory  
  23  2:18  SCV  
  24  2:24  Barracks Reactor  
  24  2:30  SCV  
  25  2:41  Command Center  
  25  2:42  SCV  
  26  2:51  Orbital Command  
  26  2:54  SCV  
  27  2:59  Starport  
  27  3:07  SCV  
  27  3:12  Hellion  
  32  3:13  Hellion  
  32  3:18  SCV, Refinery  
  33  3:20  SCV  
  33  3:22  Marine  
  35  3:30  SCV  
  35  3:32  SCV  
  37  3:37  Hellion x2  
  40  3:42  SCV  
  40  3:44  SCV, Liberator  
  45  3:50  Barracks Tech Lab  
  45  3:53  Orbital Command  
  45  3:54  SCV  
  46  3:56  SCV  
  47  4:09  SCV, Barracks  
  48  4:10  SCV, Barracks  
  48  4:12  Supply Depot, Factory Reactor  
  48  4:14  Marine  
  50  4:18  Stimpack  
  50  4:20  SCV  
  50  4:22  SCV  
  50  4:23  SCV  
  53  4:32  Engineering Bay, Starport Reactor  
  53  4:33  SCV, Engineering Bay  
  53  4:34  SCV  
  53  4:35  Marine  
  53  4:37  Supply Depot  
  56  4:39  SCV  
  56  4:45  SCV  
  58  4:46  SCV  
  58  4:50  Refinery  
  58  4:51  SCV  
  60  4:57  SCV  
  60  4:58  Barracks  
  60  4:59  Factory Tech Lab  
  61  5:00  Barracks  
  61  5:03  Marine x3  
  64  5:09  Terran Infantry Armor Level 1, Terran Infantry Weapons Level 1  
  64  5:10  Refinery, Orbital Command  
  64  5:12  SCV x2  
  66  5:17  Marine x2  
  68  5:22  Marine x3  
  68  5:24  SCV x2  
  68  5:28  Siege Tank  
  76  5:33  Supply Depot  
  76  5:34  Supply Depot  
  76  5:36  SCV x2  
  76  5:39  Supply Depot  
  76  5:40  SCV  
  79  5:45  Marine x4  
  83  5:50  Barracks Reactor x2  
  83  5:51  Marauder  
  83  5:55  SCV x3  
  88  5:59  Medivac x2  
  88  6:03  Refinery  
  92  6:04  Marine  
  92  6:07  SCV x2  
  90  6:12  Marine x3  
  90  6:14  Siege Tank  
  90  6:15  SCV  
  90  6:18  Combat Shield  
  91  6:19  SCV x2  
  91  6:25  Marine, Marauder  
  96  6:27  SCV  
  96  6:31  SCV x2  
  99  6:33  Supply Depot  
  99  6:34  Supply Depot  
  99  6:36  Supply Depot, Armory  
  99  6:39  SCV  
  100  6:41  Marine x6  
  100  6:42  Marine  
  100  6:43  SCV x2  
  109  6:49  Supply Depot  
  109  6:55  Marauder, Siege Tank  
  109  7:00  Medivac x2  
  116  7:03  SCV x3  
  116  7:04  Factory  
  116  7:06  Refinery  
  116  7:10  Marine x5  
  116  7:11  Marine  
  123  7:23  Marauder  
  126  7:30  SCV x2  
  120  7:45  Supply Depot, Barracks  
Tags
 
Add a new tag
Caveats
  • Supply blocks, unpowered buildings, or Contaminate may cause inaccurate times.
  • Supply counts are checked every 10 seconds.